 Dungeon Crawl Stone Soup version 0.24-a0-272-g1411513 (webtiles) character file.

Game seed: 10050721545700778402

385 TheOvate the Charlatan (level 7, 0/40 HPs)
             Began as a Kobold Artificer on Apr 25, 2019.
             Slain by a worker ant (3 damage)
             ... on level 4 of the Dungeon.
             The game lasted 00:12:00 (3666 turns).

TheOvate the Charlatan (Kobold Artificer)           Turns: 3666, Time: 00:12:01

Health: 0/40       AC:  6    Str: 10    XL:     7   Next: 6%
Magic:  10/10      EV: 16    Int: 13    God:
Gold:   81         SH:  0    Dex: 16    Spells: 6/6 levels left

rFire    . . .     SeeInvis .   a - +5 mace
rCold    . . .     Gourm    .   (shield restricted)
rNeg     . . .     Faith    .   b - +0 troll leather armour {Purgy}
rPois    +         Spirit   .   (no helmet)
rElec    .         Reflect  .   (no cloak)
rCorr    .         Harm     .   g - +0 pair of gloves
MR       .....                  s - +0 pair of boots
Stlth    ++........             (no amulet)
HPRegen  0.53/turn              c - ring of poison resistance
MPRegen  0.12/turn              (no ring)

@: lethally poisoned (0 -> 0), lightly drained, invisible
A: small, carnivore
a: no special abilities


You were on level 4 of the Dungeon.
You were very full.

You visited 1 branch of the dungeon, and saw 4 of its levels.

You collected 81 gold pieces.

Inventory:

Hand Weapons
 a - a +5 mace (weapon)
 j - a +1 dagger of draining
Armour
 b - a +0 troll leather armour (worn) {Purgy}
 g - a +0 pair of gloves (worn)
 s - a +0 pair of boots (worn)
 t - a +0 chain mail
Jewellery
 c - a ring of poison resistance (left hand)
Wands
 e - a wand of random effects (24)
 p - a wand of clouds (3)
Scrolls
 d - a scroll of immolation {unknown}
 m - 2 scrolls of identify {unknown}
 n - a scroll of blinking {unknown}
 o - 2 scrolls of remove curse {unknown}
 q - a scroll of teleportation {unknown}
 r - a scroll of magic mapping {unknown}
Potions
 h - 2 potions of curing {unknown}
 l - 2 potions of berserk rage {unknown}
Comestibles
 f - 6 rations


   Skills:
 - Level 2.1(2.0) Fighting
 - Level 4.9(4.7) Short Blades
 - Level 2.1(1.9) Armour
 - Level 3.9(3.7) Dodging
 - Level 2.7(2.5) Stealth
 - Level 5.2(5.0) Evocations


You had 6 spell levels left.
You didn't know any spells.
Your spell library was empty.

Dungeon Overview and Level Annotations

Branches:
Dungeon (4/15)
 Temple: D:4-7

Altars:
Ru
Xom

Annotations:
D:4 Grinder


Innate Abilities, Weirdness & Mutations

You are small and have problems with some larger weapons.
You are carnivorous and can eat meat at any time.


Message History

You are poisoned.
The worker ant poisons you! Grinder hits you but does no damage.
You feel sick. The worker ant bites you. Grinder hits you.
You writhe in agony.
You feel sick. The worker ant bites you. Grinder hits you.
* * * LOW HITPOINT WARNING * * *
You writhe in agony.
* * * LOW HITPOINT WARNING * * *
The worker ant bites you but does no damage.
Grinder hits you but does no damage.
You feel sick. The worker ant bites you.
* * * LOW HITPOINT WARNING * * *
The worker ant bites you.
* * * LOW HITPOINT WARNING * * *
Grinder gestures at you. You resist with significant effort.
You can move again.
It was a potion of invisibility.
You fade into invisibility!
The worker ant bites you.
You die...

##.... ..#
..... ....
#...##....
###...#... .
#....... ... #
#.#...#..#..
#.##.#.........
#...a5.#.......
####@######.###
#.# # #.#
####.#
####....#
#......##
#.##.#.#
#.##.#.#
#.##...#


You could see Grinder and a worker ant.

Vanquished Creatures
  Sigmund (D:3)
  Purgy (D:3)
  A centaur skeleton (D:4)
  5 adders
  2 worms (D:2)
  An orc (D:3)
  2 giant cockroaches (D:1)
  11 goblins
  7 hobgoblins
  5 kobolds
  11 bats
  7 frilled lizards
  6 rats
  A butterfly (D:3)
61 creatures vanquished.

Vanquished Creatures (collateral kills)
  A hobgoblin (D:2)
1 creature vanquished.

Vanquished Creatures (others)
  An adder (D:2)
1 creature vanquished.

Grand Total: 63 creatures vanquished

Notes
Turn   | Place    | Note
-------+----------+-------------------------------------------
     0 | D:1      | TheOvate the Kobold Artificer began the quest for the Orb.
     0 | D:1      | Reached XP level 1. HP: 12/12 MP: 3/3
    62 | D:1      | Reached skill level 4 in Evocations
    75 | D:1      | Reached XP level 2. HP: 16/16 MP: 5/5
   568 | D:1      | Reached XP level 3. HP: 19/20 MP: 6/6
  1326 | D:2      | Reached XP level 4. HP: 7/25 MP: 7/7
  1758 | D:2      | Reached skill level 1 in Armour
  2696 | D:3      | Reached XP level 5. HP: 24/29 MP: 8/8
  2729 | D:3      | Found a shimmering altar of Xom.
  3011 | D:3      | Found a sacrificial altar of Ru.
  3052 | D:3      | Noticed Purgy
  3071 | D:3      | Killed Purgy
  3071 | D:3      | Reached XP level 6. HP: 8/35 MP: 9/9
  3072 | D:3      | HP: 1/35 [orc/+5 mace (7)]
  3395 | D:3      | Noticed Sigmund
  3413 | D:3      | Killed Sigmund
  3413 | D:3      | Reached skill level 5 in Evocations
  3610 | D:4      | Reached XP level 7. HP: 17/40 MP: 10/10
  3653 | D:4      | Noticed Grinder
  3659 | D:4      | Paralysed by Grinder for 7 turns
  3666 | D:4      | Slain by a worker ant

Levels and vault maps discovered:
D:1:      minmay_arrival_stone_box, layout_rooms,
          chequers_serial_rivers_micro_b, nrook_uturn,
          chequers_serial_rivers_room_b
D:2:      layout_loops_corners, serial_aquarium, aquarium_bridge_straight
          [aquarium_subvault_bridge, aquarium_subvault_window,
          aquarium_subvault_bridge, aquarium_subvault_window],
          aquarium_bridge_island_small [aquarium_subvault_small_water,
          aquarium_subvault_bridge, aquarium_subvault_window,
          aquarium_subvault_wall, aquarium_subvault_bridge],
          aquarium_window_fake, aquarium_window_corridor_1, aquarium_view_2d
D:3:      layout_basic, xom_butterflies, nicolae_ru_path_of_blood, first_ration,
          grunt_decor_resistance, uniq_purgy, uniq_sigmund
D:4:      corexii_shack_village, layout_loops_cross, minmay_temple_entry_mist,
          uniq_grinder

Skill      XL: |  1  2  3  4  5  6 |
---------------+-------------------+-----
Evocations     | 4 5 |  5.2
Short Blades   | 2 4 |  4.9
Dodging        | 3 |  3.9
Armour         | 1 2 |  2.1
Stealth        | 2 |  2.7
Fighting       | 2 |  2.1

Action                   |  1- 3 |  4- 6 |  7- 9 || total
-------------------------+-------+-------+-------++-------
Melee: Short sword       |   141 |   132 |       ||   273
       Dagger            |       |    39 |       ||    39
       Mace              |       |       |     1 ||     1
Evoke: Wand              |     2 |    16 |     2 ||    20
  Use: Scroll            |     1 |       |       ||     1
       Potion            |       |       |     1 ||     1
 Stab: Sleeping          |     1 |     1 |       ||     2
  Eat: Chunk             |    10 |     6 |       ||    16
Armor: Leather armour    |     5 |       |       ||     5
       Ring mail         |    37 |    32 |       ||    69
       Chain mail        |       |    92 |       ||    92
       Troll leather arm |       |     2 |     3 ||     5
Dodge: Dodged            |    71 |   121 |     3 ||   195

Table legend:
 A = Non-vault XP
 B = Vault XP
 C = Vault XP percentage of total XP
 D = Non-vault monster count
 E = Vault monster count
 F = Vault count percentage of total count
                 A         B        C        D         E       F
            +---------+---------+-------+---------+---------+-------
      Total |     195 |     355 |  64.5 |      59 |       2 |   3.3
            +---------+---------+-------+---------+---------+-------
        D:1 |      37 |       0 |   0.0 |      26 |       0 |   0.0
        D:2 |      87 |       0 |   0.0 |      23 |       0 |   0.0
        D:3 |      28 |     355 |  92.7 |       9 |       2 |  18.2
        D:4 |      43 |       0 |   0.0 |       1 |       0 |   0.0
            +---------+---------+-------+---------+---------+-------
